 Dungeon Crawl Stone Soup version 0.27-a0-797-g27d10ad80f (webtiles) character file.

Game seed: 16239340919444735996

35 polve the Slasher (level 3, 0/29 HPs)
             Began as a Demonspawn Abyssal Knight on Mar 27, 2021.
             Was a Follower of Lugonu.
             Slain by a goblin
             ... wielding a +0 dagger
             ... led by Robin
              (5 damage)
             ... on level 2 of the Dungeon.
             The game lasted 00:01:00 (1458 turns).

polve the Slasher (Demonspawn Abyssal Knight)       Turns: 1458, Time: 00:01:00

Health: 0/29       AC:  5    Str: 12    XL:     3   Next: 17%
Magic:  4/4        EV: 11    Int: 14    God:    Lugonu [*.....]
Gold:   48         SH:  0    Dex: 12    Spells: 2/2 levels left

rFire    . . .     SeeInvis .   a - +1 falchion
rCold    . . .     Faith    .   (no shield)
rNeg     . . .     Spirit   .   b - +0 leather armour
rPois    .         Reflect  .   (no helmet)
rElec    .         Harm     .   (no cloak)
rCorr    .         Rampage  .   (no gloves)
Will     .....                  (no boots)
Stlth    +.........             (no amulet)
HPRegen  0.09/turn              (no ring)
MPRegen  0.09/turn              (no ring)

@: brilliant
A: slimy green scales 1, demonic guardian 1
a: Renounce Religion, Depart the Abyss


You were on level 2 of the Dungeon.
You worshipped Lugonu.
Lugonu was aware of your devotion.
You visited 1 branch of the dungeon, and saw 2 of its levels.
You visited the Abyss 1 time.

You collected 48 gold pieces.

Inventory:

Hand Weapons
 a - a +1 falchion (weapon)
Armour
 b - a +0 leather armour (worn)
Scrolls
 c - a scroll of acquirement {unknown}
 e - a scroll of vulnerability {unknown}
 f - a scroll of enchant weapon {unknown}


   Skills:
 - Level 3.0 Fighting
 + Level 3.3 Long Blades
 - Level 1.7 Armour
 - Level 0.8 Dodging
 - Level 2.4 Invocations


You had 2 spell levels left.
You didn't know any spells.
Your spell library was empty.

Dungeon Overview and Level Annotations

Branches:
Dungeon (2/15)

Altars:

Annotations:
D:2 Robin


Innate Abilities, Weirdness & Mutations

You are partially covered in slimy green scales. (AC +2)
A weak demonic guardian rushes to your aid.


Message History

Robin throws the goblin at you!
You hit the hobgoblin but do no damage. The goblin barely misses you.
The hobgoblin closely misses you. The goblin misses you.
You riposte.
You closely miss the goblin. Robin throws the goblin at you!
The goblin barely misses you. The goblin hits you but does no damage.
The hobgoblin hits you. The goblin barely misses you.
You closely miss the goblin. The goblin barely misses you.
The goblin hits you with a +0 dagger. The goblin hits you but does no damage.
The hobgoblin hits you. The goblin closely misses you.
You riposte.
You completely miss the goblin. The goblin hits you but does no damage.
You are too injured to fight recklessly!
You are too injured to fight recklessly!
You are too injured to fight recklessly!
You are too injured to fight recklessly!
You are too injured to fight recklessly!
You are too injured to fight recklessly!
It was a potion of brilliance.
You feel clever all of a sudden. The goblin hits you but does no damage.
The goblin misses you. The hobgoblin misses you.
You riposte.
You hit the hobgoblin.
The hobgoblin is moderately wounded.
The goblin hits you but does no damage. The goblin completely misses you.
You closely miss the goblin.
The goblin hits you but does no damage. x2
The goblin barely misses you. The hobgoblin hits you.
A demonic guardian appears!
The goblin hits you with a +0 club. The goblin barely misses you.
You barely miss the goblin. The goblin hits you with a +0 dagger.
* * * LOW HITPOINT WARNING * * *
The hobgoblin misses you.
You riposte.
You hit the hobgoblin.
The hobgoblin is severely wounded.
The goblin hits you with a +0 club.
* * * LOW HITPOINT WARNING * * *
The goblin closely misses you.
Robin roars a battlecry!
The goblins go into a battle-frenzy!
Your shadow imp hits the goblin.
The goblin dies!
Lugonu accepts your kill. The goblin barely misses you.
The goblin hits you with a +0 dagger.
You die...

###############
####)...........<#
#....###########.#
#5#### ##.# ##)##
#####... #g@g#
#....... #g#g#
#.###..) #g g#
#### .. g. ... ..#
##.. ... ... ..##
#.. ..#


You could see Robin, 2 hobgoblins, 4 goblins and a friendly shadow imp
(summoned).

Vanquished Creatures
  A dart slug (D:1)
  3 bats (D:1)
  4 endoplasms (D:1)
  A giant cockroach (D:1)
  4 goblins
  3 hobgoblins (D:1)
  4 jackals (D:1)
  3 frilled lizards (D:1)
  3 kobolds
  2 rats (D:1)
28 creatures vanquished.

Vanquished Creatures (collateral kills)
  A goblin (D:2)
1 creature vanquished.

Grand Total: 29 creatures vanquished

Notes
Turn   | Place    | Note
-------+----------+-------------------------------------------
     0 | Abyss:1  | polve the Demonspawn Abyssal Knight began the quest for the
                  | Orb.
     0 | Abyss:1  | Reached XP level 1. HP: 18/18 MP: 2/2
    81 | Abyss:1  | Noticed a smoke demon
   108 | Abyss:1  | Noticed an eidolon
   124 | Abyss:1  | Noticed a smoke demon
   124 | Abyss:1  | Noticed a small abomination
   126 | D:1      | Escaped the Abyss
   571 | D:1      | Gained mutation: You are partially covered in slimy green
                  | scales. (AC +2) [demonic ancestry]
   571 | D:1      | Reached XP level 2. HP: 24/24 MP: 3/3
   585 | D:1      | Reached * piety under Lugonu
  1258 | D:1      | Gained mutation: A weak demonic guardian rushes to your
                  | aid. [demonic ancestry]
  1258 | D:1      | Reached XP level 3. HP: 29/29 MP: 4/4
  1450 | D:2      | Noticed Robin
  1458 | D:2      | Slain by a goblin

Illustrated notes

Levels and vault maps discovered:
D:1:      lightli_arrival_lavapool, layout_basic, serial_curves, eino_curves_03,
          eino_curves_01, eino_curves_02, eino_curves_01
D:2:      layout_loops_ring, nicolae_overflow_crystal_walls, zin_statuary,
          chequers_serial_rivers_large_a, uniq_jessica, uniq_robin

Skill      XL: |  1  2 |
---------------+-------+-----
Long Blades    | 2 3 |  3.3
Fighting       | |  3.0
Armour         | |  1.7
Dodging        | |  0.8
Invocations    | |  2.4

Action                   || total
-------------------------++-------
Melee: Falchion          ||    74
Invok: Depart the Abyss  ||     1
  Use: Potion            ||     2
Armor: Leather armour    ||    39
Dodge: Dodged            ||    62
       Rpst.: Falchion   ||    20

Table legend: (Time is in decaauts)
 A = Elapsed time spent in this place.
 B = Non-inter-level travel time spent in this place.
 C = Inter-level travel time spent in this place.
 D = Time resting spent in this place.
 E = Time spent auto-exploring this place.
 F = Levels seen in this place.
 G = Mean time per level.
                   A        B        C        D        E       F      G
               +--------+--------+--------+--------+--------+-----+--------+
         Total |   1469 |   1463 |      6 |      0 |   1258 |   3 |  489.7 |
       Dungeon |   1343 |   1337 |      6 |      0 |   1158 |   2 |  671.5 |
         Abyss |    126 |    126 |      0 |      0 |    100 |   1 |  126.0 |
               +--------+--------+--------+--------+--------+-----+--------+

Top non-repeatable levels by time:
     D:1: 1303 daAuts
 Abyss:1: 126 daAuts
     D:2: 39 daAuts
